 Dungeon Crawl Stone Soup version 0.28.0-49-g6dfe1f597d (webtiles) character file.

Game seed: 6342393566570350683

23 Zeld the Gusty (level 2, 0/16 HPs)
             Began as a Tengu Air Elementalist on May 18, 2022.
             Slain by a worm (10 damage)
             ... on level 2 of the Dungeon.
             The game lasted 00:01:15 (650 turns).

Zeld the Gusty (Tengu Air Elementalist)              Turns: 650, Time: 00:01:16

Health: 0/16       AC:  2    Str:  8    XL:     2   Next: 95%
Magic:  1/6        EV: 12    Int: 15    God:
Gold:   32         SH:  0    Dex: 14    Spells: 4/5 levels left

rFire   . . .      SeeInvis .   (no weapon)
rCold   . . .      Faith    .   (no shield)
rNeg    . . .      Spirit   .   a - +0 robe
rPois   .          Reflect  .   (helmet restricted)
rElec   .          Harm     .   (no cloak)
rCorr   .          Rampage  .   (no gloves)
Will    .....                   (boots unavailable)
Stlth   ++........              (no amulet)
HPRegen 0.05/turn               (no ring)
MPRegen 0.10/turn               (no ring)

@: no status effects
A: beak, talons 3
a: no special abilities


You were on level 2 of the Dungeon.
You visited 1 branch of the dungeon, and saw 2 of its levels.

You collected 32 gold pieces.

Inventory:

Armour
 a - a +0 robe (worn)
Scrolls
 b - 2 scrolls of enchant weapon {unknown}
 c - a scroll of fog {unknown}
 d - a scroll of silence {unknown}


   Skills:
 * Level 1.0 Fighting
 - Level 2.1 Dodging
 + Level 2.1 Stealth
 * Level 2.3 Spellcasting
 + Level 1.8 Conjurations
 * Level 4.3 Air Magic


You had 4 spell levels left.
You knew the following spells:

 Your Spells              Type           Power      Damage    Failure   Level
a - Shock                 Conj/Air       44%        1d5       6%          1

Your spell library contained the following spells:

 Spells                   Type           Power      Damage    Failure   Level
 Static Discharge         Conj/Air       11%        N/A       9%          2
 Swiftness                Air            14%        N/A       11%         3
 Airstrike                Air            7%         N/A       34%         4


Dungeon Overview and Level Annotations

Branches:
Dungeon (1/15)

Altars:


Innate Abilities, Weirdness & Mutations

You have a beak for a mouth.
You have claws for feet.


Message History

Casting: Shock (safe; 6% risk of failure)
Confirm with . or Enter, or press ? or * to list all spells.
Aiming: Shock (safe; 6% risk of failure)
Press: ? - help, Shift-Dir - straight line, f/p - worm
Aim: a worm (moderately wounded, 89% to hit)
The zap hits the worm.
The worm is moderately wounded.
Unknown command.
Casting: Shock (safe; 6% risk of failure)
Confirm with . or Enter, or press ? or * to list all spells.
Aiming: Shock (safe; 6% risk of failure)
Press: ? - help, Shift-Dir - straight line, f/p - worm
Aim: a worm (moderately wounded, 89% to hit)
The zap hits the worm.
The worm is moderately wounded.
Unknown command.
Casting: Shock (safe; 6% risk of failure)
Confirm with . or Enter, or press ? or * to list all spells.
You don't have enough magic to cast this spell.
Unknown command.
Unknown command.
Casting: Shock (safe; 6% risk of failure)
Confirm with . or Enter, or press ? or * to list all spells.
You don't have enough magic to cast this spell.
You hit the worm but do no damage.
The worm is moderately wounded.
The worm bites you.
You completely miss the worm.
The worm is moderately wounded.
You completely miss the worm. You claw the worm.
The worm is heavily wounded.
The worm closely misses you.
You hit the worm but do no damage. You claw the worm.
The worm is heavily wounded.
You hit the worm but do no damage. You peck the worm, but do no damage.
You punch the worm.
The worm is heavily wounded.
The worm bites you!
Ouch! That really hurt!
You die...

........# ........#
#......# ........#
#......## ........#
#........ ........#
#.......# ........#
#.......# ......†.#
#.......#
......w@########.......#
........................
........########.......#
.......## #.......#
....... #.......#
.......###### #.......#
............# #.......#
............####........
.....................##


You could see a worm.

Vanquished Creatures
  3 orcs (D:2)
  2 ball pythons (D:1)
  2 bats
  An endoplasm (D:2)
  3 goblins
  4 hobgoblins
  A rat (D:1)
16 creatures vanquished.

Notes
Turn   | Place    | Note
-------+----------+-------------------------------------------
     0 | D:1      | Zeld the Tengu Air Elementalist began the quest for the
                  | Orb.
     0 | D:1      | Reached XP level 1. HP: 10/10 MP: 4/4
   314 | D:1      | Reached XP level 2. HP: 16/16 MP: 4/6
   391 | D:1      | You fall into a shaft and drop 1 floor!
   596 | D:2      | Reached skill level 1 in Fighting
   650 | D:2      | Slain by a worm

Illustrated notes

Levels and vault maps discovered:
D:1:      dpeg_arrival_rooms_a, layout_loops_ring, minmay_crystal_room
D:2:      layout_basic, chequers_ecumenical_altar_island,
          guppyfry_early_orc_mine, uniq_robin

Skill      XL: |  1  2 |
---------------+-------+-----
Fighting       | 1 |  1.0
Dodging        | |  2.1
Stealth        | |  2.1
Spellcasting   | |  2.3
Conjurations   | |  1.8
Air Magic      | |  4.3

Action                   || total
-------------------------++-------
Melee: Unarmed           ||     7
       Kick              ||     4
       Peck              ||     1
       Punch             ||     1
 Cast: Shock             ||    35
Armor: Robe              ||     1
Dodge: Dodged            ||     3
